 Dungeon Crawl Stone Soup version 0.31-a0-516-gfcb59812bd (webtiles) character file.

Game seed: 10177514862785532280

208 Morbidden the Ruffian (level 5, -3/38 (39) HPs)
             Began as an Ogre Shapeshifter on Aug 10, 2023.
             Slain by a gnoll
             ... wielding a +0 spear
              (8 damage)
             ... on level 3 of the Dungeon.
             The game lasted 00:03:14 (2855 turns).

Morbidden the Ruffian (Ogre Shapeshifter)           Turns: 2855, Time: 00:03:15

HP:   -3/38 (39)    AC:  3    Str: 21    XL:     5   Next: 86%
MP:   5/5           EV: 10    Int:  9    God:
Gold: 116           SH:  0    Dex:  9    Spells: 4/4 levels left

rFire   . .          .
                       - Unarmed
rCold   . . .        (shield currently unavailable)
rNeg    . . .        a - +0 animal skin
rPois   .            (helmet restricted)
rElec   .            (no cloak)
rCorr   .            (gloves unavailable)
SInv    .            (boots unavailable)
Will    .....        (no amulet)
Stlth   +            (no ring)
HPRegen 0.26/turn    (no ring)
MPRegen 0.09/turn

%: no passive effects
@: flux-form, glowing, lightly drained
A: glow, contaminating, reduced hp, large, unfitting armour, tough skin 1
a: Begin Untransformation


You were on level 3 of the Dungeon.
You were something dangerously unstable.
You visited 1 branch of the dungeon, and saw 3 of its levels.

You collected 116 gold pieces.

Inventory:

Missiles
 i - a throwing net
 j - 2 poisoned darts
 m - 32 stones (quivered)
 n - 5 large rocks
Armour
 a - a +0 animal skin (worn)
Jewellery
 l - a ring of wizardry
Talismans
 c - a beast talisman
 d - a flux talisman (active)
Scrolls
 f - 2 scrolls of noise {unknown}
 g - 3 scrolls of identify {unknown}
 h - 4 scrolls of teleportation {unknown}
Potions
 b - 2 potions of lignification
 e - a potion of heal wounds {unknown}
 k - a potion of might {unknown}
 o - 2 potions of mutation {unknown}
 p - a potion of curing {unknown}


   Skills:
 * Level 2.6 Fighting
 + Level 0.1 Throwing
 * Level 2.5 Dodging
 * Level 4.3 Unarmed Combat
 * Level 3.8 Shapeshifting


You had 4 spell levels left.
You didn't know any spells.
Your spell library was empty.

Dungeon Overview and Level Annotations

Branches:
Dungeon (3/15)

Altars:

Shops:
D:3 :


Innate Abilities, Weirdness & Mutations

You are something dangerously unstable.
You glow with magical radiation, making you easy to see and hit.
Foes you strike become dangerously contaminated with magical radiation.
Your maximum health is decreased, since you lack skill for your form.
You are incapable of wielding weapons or throwing items.
You are too large for most types of armour.
You have tough skin. (AC +1)


Message History

You hit the gnoll but do no damage.
The gnoll shudders as magic cascades through it!!
You kill the gnoll!
A gnoll comes into view. It is wielding a +0 whip.
The gnoll barely misses you.
You hit the gnoll.
The gnoll begins to glow.
The gnoll is moderately wounded.
The gnoll hits you with a +0 whip. The gnoll barely misses you.
You hit the gnoll.
The gnoll glows dangerously bright.
The gnoll is moderately wounded.
You completely miss the gnoll.
The gnoll is moderately wounded.
The gnoll hits you with a +0 whip.
The gnoll hits you from afar with a +0 spear!
* * * LOW HITPOINT WARNING * * *
Unknown command.
You are too injured to fight recklessly!
You are too injured to fight recklessly!
You are too injured to fight recklessly!
Unknown command.
You hit the gnoll.
The gnoll shudders as magic cascades through it.
The gnoll twists and deforms.
The gnoll is almost dead.
The gnoll closely misses you. The gnoll barely misses you.
Unknown command.
Unknown command.
Unknown command.
You barely miss the gnoll.
The gnoll is almost dead.
The gnoll hits you with a +0 whip.
* * * LOW HITPOINT WARNING * * *
The gnoll misses you.
Unknown command.
Unknown command.
Unknown command.
You hit the gnoll.
You kill the gnoll!
The gnoll hits you from afar with a +0 spear!
You die...

#.###.#.........##
#... #.#
#.#.......#..# #...
#.# #.#.......##.##
#... #..
..#.###...##..# ###'
## ###.# #....##.####
#. #.# #....##....###
#. #.#
#.##.#####...####. #.#
#.##.##..........#
#.###B##.##.###.#.##..
#.#)).##....#<#...#...
..#g#########.#####.#.
#$ #####...# #.## ##
#.....#######.#
#.#...#.......#
#.#.#.####### ...#...#
#########


You could see a gnoll.

Vanquished Creatures
  A vampire bat (D:3)
  2 gnolls (D:3)
  An adder (D:2)
  2 worms
  2 dart slugs
  3 fire bats (D:3)
  An orc (D:3)
  2 spectral bats (D:3)
  4 ball pythons
  12 bats
  3 bat skeletons (D:3)
  A bat zombie (D:3)
  2 endoplasms (D:1)
  2 giant cockroaches
  5 goblins
  5 hobgoblins
  4 jackals (D:2)
  5 quokkas
  A bat simulacrum (D:3)
  3 frilled lizards
  6 kobolds
  7 rats
74 creatures vanquished.

Notes
Turn   | Place    | Note
-------+----------+-------------------------------------------
     0 | D:1      | Morbidden the Ogre Shapeshifter began the quest for the
                  | Orb.
     0 | D:1      | Reached XP level 1. HP: 19/19 MP: 1/1
   144 | D:1      | Reached XP level 2. HP: 18/27 MP: 2/2
   373 | D:1      | Reached skill level 3 in Unarmed Combat
   801 | D:2      | Found a faded altar of an unknown god.
   964 | D:2      | Reached XP level 3. HP: 26/35 MP: 3/3
  1689 | D:2      | Reached XP level 4. HP: 31/42 MP: 4/4
  2124 | D:3      | Reached skill level 4 in Unarmed Combat
  2124 | D:3      | Reached XP level 5. HP: 9/50 MP: 5/5
  2653 | D:3      | Found Aschefame's Book Emporium.
  2855 | D:3      | Slain by a gnoll

Illustrated notes

Levels and vault maps discovered:
D:1:      sevenhm_arrival_forest_fort_small_6, layout_basic, minmay_pentomino_s4
D:2:      layout_loops_corners, nicolae_ecumenical_pavilion
D:3:      layout_basic, serial_shops, shop, goddamned_bats

Skill      XL: |  1  2  3  4 |
---------------+-------------+-----
Unarmed Combat | 3 4 |  4.3
Fighting       | 2 |  2.6
Dodging        | 2 |  2.5
Throwing       | |  0.1
Shapeshifting  | |  3.8

Action                     |  1- 3 |  4- 6 || total
---------------------------+-------+-------++-------
  Melee: Unarmed           |   126 |   127 ||   253
 Armour: Animal skin       |    31 |   108 ||   139
  Dodge: Dodged            |    47 |   126 ||   173
   Form: Flux              |     1 |       ||     1

Table legend: (Time is in decaauts)
 A = Elapsed time spent in this place.
 B = Non-inter-level travel time spent in this place.
 C = Inter-level travel time spent in this place.
 D = Time resting spent in this place.
 E = Time spent auto-exploring this place.
 F = Levels seen in this place.
 G = Mean time per level.
                   A        B        C        D        E       F      G
               +--------+--------+--------+--------+--------+-----+--------+
         Total |   2838 |   2735 |    103 |    444 |   1865 |   3 |  946.0 |
       Dungeon |   2838 |   2735 |    103 |    444 |   1865 |   3 |  946.0 |
               +--------+--------+--------+--------+--------+-----+--------+

Top non-repeatable levels by time:
     D:2: 1091 daAuts
     D:3: 948 daAuts
     D:1: 798 daAuts
